 Dungeon Crawl Stone Soup version 0.31.0-9-g3a7656b989 (webtiles) character file.

Game seed: 8156511489942561607

28 RancidPinata the Sneak (level 3, -1/24 HPs)
             Began as a Gargoyle Delver on Jan 24, 2024.
             Killed from afar by an orc wizard (4 damage)
             ... with a puff of flame
             ... on level 6 of the Dungeon.
             The game lasted 00:03:47 (359 turns).

RancidPinata the Sneak (Gargoyle Delver)             Turns: 359, Time: 00:03:48

Health: -1/24      AC:  6    Str: 17    XL:     3   Next: 14%
Magic:  3/3        EV: 11    Int: 10    God:
Gold:   42         SH:  0    Dex: 11    Spells: 2/2 levels left

rFire   . . .        a - +0 mace
rCold   . . .        (no shield)
rNeg    + . .        b - +0 leather armour
rPois   ∞            (no helmet)
rElec   +            (no cloak)
rCorr   .            (no gloves)
SInv    .            (no boots)
Will    .....        (no amulet)
Stlth   +++          (no ring)
HPRegen 0.24/turn    (no ring)
MPRegen 0.08/turn

%: no passive effects
@: no status effects
A: sickness immunity, AC +3, negative energy resistance 1, electricity
resistance, torment resistance 1, petrification resistance
a: no special abilities


You were on level 6 of the Dungeon.
You visited 1 branch of the dungeon, and saw 2 of its levels.

You collected 42 gold pieces.

Inventory:

Hand Weapons
 a - a +0 mace (weapon)
Armour
 b - a +0 leather armour (worn)
Wands
 g - a wand of digging (3)
Scrolls
 c - a scroll of fog
 d - a scroll of revelation
 e - a scroll of fear
 h - a scroll of teleportation {unknown}
 i - a scroll of enchant armour {unknown}
Potions
 f - a potion of haste


   Skills:
 * Level 3.7 Fighting
 + Level 2.2 Maces & Flails
 * Level 1.3 Armour
 + Level 1.8 Dodging
 + Level 5.6 Stealth


You had 2 spell levels left.
You didn't know any spells.
Your spell library was empty.

Dungeon Overview and Level Annotations

Branches:
Dungeon (6/15)
 Temple: D:4-7

Altars:


Innate Abilities, Weirdness & Mutations

You are immune to sickness and miasma.
Your stone body is resilient. (AC +3)
You are immune to poison.
You resist negative energy. (rN+)
You are resistant to electric shocks. (rElec)
You are resistant to unholy torment.
You are immune to petrification.


Message History

Deactivating autopickup; reactivate with Ctrl-A.
The iguana closely misses you.
You bump into the rock wall.
Something hits you but does no damage. The iguana bites you.
You're too confused to move!
The iguana misses you.
You hear some strange, mumbled words.
A magic dart appears from out of thin air!
The magic dart hits you.
You feel less confused.
You hear some strange, mumbled words.
You are confused.
You completely miss something. Something hits you but does no damage.
The iguana barely misses you.
You are too confused!
You bump into the rock wall.
You hear some strange, mumbled words.
Something tries to affect you, but you resist.
The iguana barely misses you.
You're too confused to move!
Something hits you but does no damage. The iguana bites you.
* * * LOW HITPOINT WARNING * * *
You miss the iguana. Something hits you but does no damage.
The iguana bites you but does no damage.
Okay, then.
You feel less confused. Something hits you.
* * * LOW HITPOINT WARNING * * *
The iguana closely misses you.
You hit the iguana but do no damage. Something hits you but does no damage.
The iguana bites you but does no damage.
You hit the iguana but do no damage. Something hits you but does no damage.
The iguana completely misses you.
You hear some strange, mumbled words.
Something tries to affect you, but you resist.
The iguana bites you.
* * * LOW HITPOINT WARNING * * *
You hear some strange, mumbled words.
A puff of flame appears from out of thin air!
The puff of flame hits you.
You die...

.. .. . . #.###. .....
.o(.. #.#.# #.#.#
#.#.#
..####!#@##########
.........l........####
.......#{............#
..##########....####.#
#....# #.# #....# #.#
###### #.# #######.#
###.......#


You could see an iguana.

Vanquished Creatures
  2 adders
  A shadow imp (D:5)
  An orc (D:5)
4 creatures vanquished.

Notes
Turn   | Place    | Note
-------+----------+-------------------------------------------
     0 | D:5      | RancidPinata the Gargoyle Delver began the quest for the
                  | Orb.
     0 | D:5      | Reached XP level 1. HP: 14/14 MP: 1/1
     1 | D:6      | Noticed a water moccasin
     1 | D:6      | Noticed an iguana
   137 | D:5      | Reached XP level 2. HP: 18/19 MP: 2/2
   178 | D:5      | Reached skill level 1 in Armour
   299 | D:6      | Reached XP level 3. HP: 22/24 MP: 3/3
   359 | D:6      | Killed from afar by an orc wizard

Illustrated notes

Levels and vault maps discovered:
D:5:      layout_cave_pods, mainiacjoe_overflow_alcove_2,
          nicolae_uskayaw_suspiria, fountainhead, minmay_bent, uniq_grinder,
          uniq_duvessa
D:6:      layout_basic, minmay_crystal_water, hangedman_abyss_or_decor_stagger,
          uniq_crazy_yiuf_cottage

Skill      XL: |  1  2 |
---------------+-------+-----
Armour         | 1 |  1.3
Fighting       | |  3.7
Maces & Flails | |  2.2
Dodging        | |  1.8
Stealth        | |  5.6

Action                     || total
---------------------------++-------
  Melee: Mace              ||    32
 Armour: Leather armour    ||    33
  Dodge: Dodged            ||    26
